 Dungeon Crawl Stone Soup version 0.29-a0-834-g1e95ca9f62 (webtiles) character file.

Game seed: 15716004737316146483

21442 inmateoo the Cleaver (level 12, -9/110 HPs)
             Began as a Demonspawn Gladiator on July 12, 2022.
             Was an Initiate of Gozag.
             Mangled by a large slime creature (26 damage)
             ... on level 13 of the Dungeon.
             The game lasted 00:16:05 (16692 turns).

inmateoo the Cleaver (Demonspawn Gladiator)        Turns: 16692, Time: 00:16:05

Health: -9/110     AC: 19    Str: 18    XL:     12   Next: 54%
Magic:  0/12       EV: 14    Int: 10    God:    Gozag
Gold:   1979       SH:  6    Dex: 16    Spells: 11/11 levels left

rFire   . . .      SeeInvis .   a - +1 war axe (freeze)
rCold   . . .      Faith    .   G - +0 buckler
rNeg    . . .      Spirit   +   x - +0 plate armour
rPois   .          Reflect  .   (helmet unavailable)
rElec   .          Harm     .   J - +1 cloak {Stlth+}
rCorr   .          Rampage  .   y - +0 pair of gloves
Will    .....                   (no boots)
Stlth   ..........              H - amulet of guardian spirit
HPRegen 0.28/turn               (no ring)
MPRegen 0.13/turn               (no ring)

@: agile, gold aura
A: horns 3, rugged brown scales 2, powered by pain 1, robust 1, spiny 2
a: Renounce Religion, Potion Petition, Call Merchant, Bribe Branch


You were on level 13 of the Dungeon.
You worshipped Gozag.
Gozag was most pleased with you.
You visited 2 branches of the dungeon, and saw 14 of its levels.
You also visited: Sewer.

You collected 2049 gold pieces.
You paid 70 gold pieces to Gozag.

Inventory:

Hand Weapons
 a - a +1 war axe of freezing (weapon)
 c - a +4 scimitar of flaming
 D - a +1 morningstar
Missiles
 d - 5 throwing nets (quivered)
 e - a javelin
Armour
 h - a scarf of repulsion
 x - a +0 plate armour (worn)
 y - a +0 pair of gloves (worn)
 B - +0 acid dragon scales
 G - a +0 buckler (worn)
 J - a +1 cloak of stealth (worn)
Jewellery
 m - a ring of ice
 H - an amulet of guardian spirit (around neck)
Wands
 l - a wand of acid (10)
 v - a wand of paralysis (12)
 F - a wand of mindburst (10)
 L - a wand of polymorph (1)
 M - a wand of iceblast (8)
Scrolls
 f - 3 scrolls of teleportation
 i - 11 scrolls of fog
 r - 2 scrolls of poison
 w - 3 scrolls of identify
 z - 5 scrolls of enchant weapon
 I - a scroll of silence
 K - 2 scrolls of fear
Potions
 b - 6 potions of brilliance
 g - 4 potions of resistance
 j - a potion of invisibility
 k - 3 potions of heal wounds
 n - 2 potions of cancellation
 o - 3 potions of flight
 p - 3 potions of berserk rage
 q - 3 potions of mutation
 s - 2 potions of attraction
 t - 4 potions of curing {unknown}
 u - 2 potions of might {unknown}
 A - 2 potions of lignification {unknown}
 C - 2 potions of ambrosia {unknown}
 E - a potion of magic {unknown}


   Skills:
 + Level 9.4 Fighting
 * Level 12.0 Axes
 - Level 1.7 Throwing
 + Level 8.2 Armour
 + Level 8.8 Dodging
 + Level 5.8 Shields


You had 11 spell levels left.
You didn't know any spells.
Your spell library contained the following spells:

 Spells                   Type           Power      Damage    Failure   Level
 Magic Dart               Conj           0%         1d3       100%        1
 Necrotise                Necr           0%         1d4       100%        1
 Shock                    Conj/Air       0%         1d3       100%        1
 Sting                    Tmut/Pois      0%         1d3       100%        1
 Call Imp                 Summ           0%         N/A       100%        2
 Ensorcelled Hibernation  Hex/Ice        0%         N/A       100%        2
 Poisonous Vapours        Pois/Air       0%         N/A       100%        2
 Mephitic Cloud           Conj/Pois/Air  0%         N/A       100%        3
 Ozocubu's Armour         Ice            0%         N/A       100%        3
 Spider Form              Tmut/Pois      0%         N/A       100%        3
 Swiftness                Air            0%         N/A       100%        3
 Vampiric Draining        Necr           0%         2d6       100%        3
 Airstrike                Air            0%         0-1+      100%        4
 Anguish                  Hex/Necr       0%         N/A       100%        4
 Olgreb's Toxic Radiance  Pois           0%         N/A       100%        4
 Agony                    Necr           0%         N/A       100%        5
 Metabolic Englaciation   Hex/Ice        0%         N/A       100%        5
 Summon Forest            Summ/Tloc      0%         N/A       100%        5
 Summon Mana Viper        Hex/Summ       0%         N/A       100%        5
 Summon Cactus Giant      Summ           0%         N/A       100%        6
 Simulacrum               Ice/Necr       Unusable   N/A       N/A         6

Dungeon Overview and Level Annotations

Branches:
Dungeon (13/15)            Temple (1/1) D:6            Lair (0/6) D:9
    Orc (0/2) D:9           Sewer (visited)
 Vaults: D:13-14

Altars:
Fedhas
Gozag
Hepliaklqana
Kikubaaqudgha
Ru
Sif Muna
Uskayaw
Wu Jian
Xom

Shops:
D:9 [   D:11 (


Innate Abilities, Weirdness & Mutations

You have a pair of large horns on your head.
You are mostly covered in rugged brown scales. (AC +2, +5% HP)
You sometimes gain a little power by taking damage.
You are robust. (+10% HP)
You are mostly covered in sharp spines.


Message History

You slash the slime creature! You freeze the slime creature.
You kill the slime creature!
You slash the slime creature! You freeze the slime creature.
You kill the slime creature!
You hit the very large slime creature.
You freeze the very large slime creature.
You slash the slime creature! You freeze the slime creature.
The very large slime creature is struck by your spines.
The very large slime creature closely misses you.
You block the slime creature's attack.
You hit the very large slime creature.
You freeze the very large slime creature.
You barely miss the slime creature.
The very large slime creature is struck by your spines.
The very large slime creature hits you!!
* * * LOW HITPOINT WARNING * * *
You focus on the pain.
You feel agile all of a sudden.
The slime creature is struck by your spines.
The slime creature misses you.
You slash the very large slime creature!
You freeze the very large slime creature.
Your headbutt misses the very large slime creature.
The very large slime creature is heavily wounded.
You hit the slime creature. You freeze the slime creature.
You hit the very large slime creature.
You freeze the very large slime creature.
You headbutt the very large slime creature.
The very large slime creature is heavily wounded.
You hit the slime creature. You freeze the slime creature.
A very large slime creature splits.
The slime creature hits you!
* * * LOW HITPOINT WARNING * * *
You slash the large slime creature! You freeze the large slime creature.
The large slime creature is severely wounded.
You hit the slime creature. You freeze the slime creature.
You kill the slime creature!
You hit the slime creature. You freeze the slime creature.
The large slime creature hits you!!
You die...
Your body crumbles into a pile of gold.

........#.. ..........
........#.. .........#
#######.#.. .........#
#.#.. .......# #.###
......# #.... #....+
#....
#.$J$####+######....
#.J@................
#...................
#...................
#...................
####...................
.......................
..............[........
..........########.....
##+####...# ###...


You could see a large slime creature and a slime creature.

Vanquished Creatures
  A boulder beetle (D:11)
  A hydra (D:11)
  7 two-headed ogres
  Erica (D:8)
  Amaemon (D:9)
  A skeletal warrior (D:9)
  2 cyclopes
  2 manticores
  Maurice (D:8)
  An orange demon (D:9)
  A gargoyle (D:10)
  2 unseen horrors
  2 kobold demonologists
  A komodo dragon (D:9)
  A tengu conjurer (D:10)
  3 trolls
  2 hornets
  6 slime creatures
  Sigmund (D:2)
  2 shadows
  2 wyverns
  10 yaks
  5 wraiths
  2 vampire mosquitoes (D:13)
  2 basilisks
  Menkaure (D:6)
  4 acid dragons
  5 orc warriors
  Pargi (Sewer)
  4 black bears
  A black bear (shapeshifter) (D:13)
  An ogre (D:4)
  7 centaurs
  3 phantoms
  A kobold brigand (D:8)
  4 bullfrogs
  5 scorpions
  5 wights
  7 killer bees (D:9)
  10 howler monkeys
  5 orc priests
  2 gnoll boudas
  7 hounds
  4 jellies
  5 iguanas
  Ijyb (D:5)
  Natasha (thrice) (D:2)
  9 orc wizards
  9 gnolls
  7 adders
  2 shadow imps
  2 worms (D:2)
  2 dart slugs
  30 orcs
  14 ball pythons
  6 endoplasms
  2 giant cockroaches (D:2)
  4 hobgoblins
  2 jackals (D:1)
  5 quokkas
  4 bats
  6 frilled lizards
  4 goblins
  7 kobolds
  5 rats
266 creatures vanquished.

Vanquished Creatures (others)
  43 plants (D:9)
43 creatures vanquished.

Grand Total: 309 creatures vanquished

Notes
Turn   | Place    | Note
-------+----------+-------------------------------------------
     0 | D:1      | inmateoo the Demonspawn Gladiator began the quest for the
                  | Orb.
     0 | D:1      | Reached XP level 1. HP: 16/16 MP: 1/1
   256 | D:1      | Gained mutation: You are partially covered in sharp spines.
                  | [demonic ancestry]
   256 | D:1      | Reached XP level 2. HP: 22/22 MP: 2/2
   315 | D:1      | Reached skill level 3 in Axes
   807 | D:2      | Noticed Natasha
   813 | D:2      | Killed Natasha
   814 | D:2      | Reached skill level 1 in Armour
   814 | D:2      | Gained mutation: You are mostly covered in sharp spines.
                  | [demonic ancestry]
   814 | D:2      | Reached XP level 3. HP: 14/28 MP: 3/3
  1150 | D:2      | Noticed Natasha
  1155 | D:2      | Killed Natasha
  1156 | D:2      | Gained mutation: You are partially covered in rugged brown
                  | scales. (AC +1, +3% HP) [demonic ancestry]
  1156 | D:2      | Reached XP level 4. HP: 20/35 MP: 4/4
  1299 | D:2      | Found a sacrificial altar of Ru.
  1512 | D:2      | Noticed Natasha
  1523 | D:2      | Killed Natasha
  1817 | D:2      | Noticed Sigmund
  2124 | D:2      | Killed Sigmund
  2125 | D:2      | Reached skill level 4 in Axes
  2125 | D:2      | Gained mutation: You have a pair of small horns on your
                  | head. [demonic ancestry]
  2125 | D:2      | Reached XP level 5. HP: 26/42 MP: 5/5
  2125 | D:2      | Gained mutation: You have a pair of horns on your head.
                  | [demonic ancestry]
  2125 | D:2      | Reached XP level 6. HP: 30/48 MP: 6/6
  2905 | D:3      | Found a faded altar of an unknown god.
  3601 | D:4      | Reached skill level 5 in Axes
  3604 | D:4      | Reached XP level 7. HP: 50/54 MP: 7/7
  4396 | D:5      | Entered Level 5 of the Dungeon
  4396 | D:5      | Noticed Ijyb
  4397 | D:5      | Found a glowing drain.
  4405 | D:5      | Killed Ijyb
  4548 | Sewer    | Entered a sewer
  4594 | Sewer    | Noticed Pargi
  4600 | Sewer    | Killed Pargi
  4601 | Sewer    | Reached XP level 8. HP: 60/62 MP: 8/8
  4840 | D:5      | Reached skill level 6 in Axes
  5273 | D:5      | Reached skill level 5 in Fighting
  5273 | D:5      | Reached skill level 5 in Dodging
  5757 | D:6      | Reached skill level 7 in Axes
  5790 | D:6      | HP: 2/59 [wight/+5 falchion of freezing (3)]
  6334 | D:6      | Gained mutation: You sometimes gain a little power by
                  | taking damage. [demonic ancestry]
  6334 | D:6      | Reached XP level 9. HP: 45/70 MP: 9/9
  6662 | D:6      | Noticed Menkaure
  6668 | D:6      | Killed Menkaure
  7052 | D:6      | Found a staircase to the Ecumenical Temple.
  7413 | Temple   | Entered the Ecumenical Temple
  7418 | Temple   | Became a worshipper of Gozag Ym Sagoz the Greedy
  7613 | D:7      | Found a hide-covered altar of Uskayaw.
  7758 | D:7      | Reached skill level 5 in Armour
  7857 | D:7      | Reached skill level 8 in Axes
  8129 | D:7      | Found an ancient bone altar of Kikubaaqudgha.
  8132 | D:7      | Found a blossoming altar of Fedhas.
  8792 | D:8      | Noticed Maurice
  8795 | D:8      | Paralysed by something for 4 turns
  8805 | D:8      | Killed Maurice
  8807 | D:8      | Reached skill level 1 in Shields
  9315 | D:9      | Noticed Erica
  9318 | D:9      | Gained mutation: You have a pair of large horns on your
                  | head. [demonic ancestry]
  9318 | D:9      | Reached XP level 10. HP: 76/79 MP: 10/10
  9332 | D:8      | HP: 1/79 [something (11)]
  9336 | D:8      | Killed Erica
  9337 | D:8      | Reached skill level 9 in Axes
  9570 | D:9      | Noticed a skeletal warrior
  9585 | D:9      | Found a staircase to the Lair.
  9898 | D:9      | Noticed a two-headed ogre
  9910 | D:9      | Killed a two-headed ogre
 10869 | D:9      | Found Ycaosu's Armour Boutique.
 10869 | D:9      | Found a staircase to the Orcish Mines.
 10898 | D:9      | Reached skill level 10 in Axes
 11135 | D:9      | Noticed Amaemon
 11135 | D:9      | Noticed an orange demon
 11141 | D:9      | Killed an orange demon
 11142 | D:9      | Gained mutation: You are mostly covered in rugged brown
                  | scales. (AC +2, +5% HP) [demonic ancestry]
 11142 | D:9      | Reached XP level 11. HP: 65/90 MP: 8/11
 11145 | D:9      | Killed Amaemon
 11537 | D:9      | Found a hazy altar of Hepliaklqana.
 12039 | D:9      | Killed a skeletal warrior
 12369 | D:10     | Entered Level 10 of the Dungeon
 13119 | D:10     | Noticed a two-headed ogre
 13128 | D:10     | Killed a two-headed ogre
 13731 | D:11     | Noticed a four-headed hydra
 13738 | D:11     | Killed a one-headed hydra
 13764 | D:11     | Found Wuowuof's Antique Weapon Emporium.
 13871 | D:11     | Noticed a two-headed ogre
 13881 | D:11     | Killed a two-headed ogre
 13882 | D:11     | Reached skill level 11 in Axes
 14697 | D:11     | Noticed a boulder beetle
 14723 | D:11     | Killed a boulder beetle
 14724 | D:11     | Reached skill level 5 in Shields
 14724 | D:11     | Gained mutation: You are robust. (+10% HP) [demonic
                  | ancestry]
 14724 | D:11     | Reached XP level 12. HP: 46/108 MP: 6/12
 15017 | D:12     | Noticed a two-headed ogre
 15023 | D:12     | Killed a two-headed ogre
 15250 | D:12     | Noticed a two-headed ogre
 15259 | D:12     | Killed a two-headed ogre
 15404 | D:12     | Identified the +4 falchion "Dupraux" {drain, rN+}
 15473 | D:12     | Noticed a two-headed ogre
 15483 | D:12     | Killed a two-headed ogre
 16243 | D:13     | Noticed a two-headed ogre
 16539 | D:13     | Killed a two-headed ogre
 16540 | D:13     | Reached skill level 12 in Axes
 16692 | D:13     | Mangled by a large slime creature

Illustrated notes

Levels and vault maps discovered:
D:1:      erik_arrival_cave_to_civilisation [erik_arrival_cave_to_hall],
          layout_basic
D:2:      layout_basic, basic_altar, uniq_natasha, uniq_sigmund
D:3:      layout_basic, hellmonk_ecumenical_altar_crossroads
D:4:      layout_cave_pods, minmay_hedge_maze
D:5:      layout_rooms, portal_sewer_entry_a, kennysheep_generic_room_6,
          uniq_ijyb
D:6:      layout_basic, minmay_temple_entry_nine_rooms, st_stairs_10,
          minmay_fountain_box, minmay_fractal_squares_diagonal_5, uniq_menkaure
D:7:      layout_rooms, nicolae_overflow_hidden_temple, kennysheep_pointless_box
D:8:      layout_loops_ring, uniq_maurice
D:9:      kennysheep_blocky_room, layout_loops_ring, kennysheep_mini_moat,
          david_lair_shrubbed, orc_david_3, uniq_amaemon, uniq_erica
D:10:     layout_stronghold, minmay_chambers_of_fives
D:11:     layout_gridville, serial_shops, nicolae_square_shop
D:12:     layout_irregular_city, gauntlet_entry_generic
D:13:     layout_irregular_city, uniq_frances
Temple:   nicolae_temple_bog_church

Skill      XL: |  1  2  3  4  5  6  7  8  9 10 11 12 |
---------------+-------------------------------------+-----
Axes           | 3 4 5 7 8 10 11 12 | 12.0
Armour         | 1 2 3 4 5 6 7 8 |  8.2
Dodging        | 3 4 5 6 7 8 |  8.8
Fighting       | 3 4 5 6 7 8 9 |  9.4
Shields        | 1 3 5 |  5.8
Throwing       | |  1.7

Action                   |  1- 3 |  4- 6 |  7- 9 | 10-12 || total
-------------------------+-------+-------+-------+-------++-------
Melee: War axe           |    52 |    73 |   185 |   314 ||   624
       Headbutt          |       |     6 |    37 |    85 ||   128
       Punch             |       |       |     3 |       ||     3
       Scimitar          |       |       |       |     4 ||     4
Throw: Throwing net      |       |     2 |       |       ||     2
Evoke: Wand              |       |     1 |     1 |    29 ||    31
  Use: Scroll            |     4 |     6 |     8 |    12 ||    30
       Potion            |       |       |       |     3 ||     3
 Stab: Sleeping          |     1 |       |       |       ||     1
       Held in net/web   |       |     1 |       |       ||     1
       Distracted        |       |       |     1 |     2 ||     3
       Paralysed         |       |       |       |    15 ||    15
Armor: Ring mail         |     6 |    28 |    26 |       ||    60
       Leather armour    |     4 |       |       |       ||     4
       Acid dragon scale |       |       |    58 |     7 ||    65
       Plate armour      |       |       |       |   155 ||   155
Dodge: Dodged            |    40 |    42 |   163 |   121 ||   366
Block: Buckler           |       |       |       |    84 ||    84

Table legend: (Time is in decaauts)
 A = Elapsed time spent in this place.
 B = Non-inter-level travel time spent in this place.
 C = Inter-level travel time spent in this place.
 D = Time resting spent in this place.
 E = Time spent auto-exploring this place.
 F = Levels seen in this place.
 G = Mean time per level.
                   A        B        C        D        E       F      G
               +--------+--------+--------+--------+--------+-----+--------+
         Total |  16856 |  16316 |    540 |   7022 |   6273 |  15 | 1123.7 |
       Dungeon |  16685 |  16145 |    540 |   7022 |   6237 |  13 | 1283.5 |
        Temple |      9 |      9 |      0 |      0 |      0 |   1 |    9.0 |
         Sewer |    160 |    160 |      0 |      0 |     35 |   1 |  160.0 |
               +--------+--------+--------+--------+--------+-----+--------+

Top non-repeatable levels by time:
     D:9: 3159 daAuts
     D:6: 2160 daAuts
    D:11: 1701 daAuts
     D:2: 1292 daAuts
     D:1: 1227 daAuts
     D:8: 1219 daAuts
     D:4: 1160 daAuts
    D:10: 1058 daAuts
     D:5: 983 daAuts
     D:3: 762 daAuts
    D:12: 696 daAuts
     D:7: 651 daAuts
    D:13: 612 daAuts
   Sewer: 160 daAuts
  Temple: 9 daAuts
